 Dungeon Crawl Stone Soup version 0.29.1-4-g47bece8355 (webtiles) character file.

Game seed: 5011266358159464884

684 ChadusMaximus the Grave Robber (level 7, 0/36 HPs)
             Began as a Deep Elf Necromancer on Dec 3, 2022.
             Succumbed to a water moccasin's poison
             ... on level 6 of the Dungeon.
             The game lasted 00:13:17 (5939 turns).

ChadusMaximus the Grave Robber (DENe)               Turns: 5939, Time: 00:13:17

Health: 0/36       AC:  4    Str:  5    XL:     7   Next: 35%
Magic:  6/18       EV: 13    Int: 22    God:
Gold:   224        SH:  0    Dex: 15    Spells: 14/18 levels left

rFire   . . .      SeeInvis .   x - +2 hand axe (freeze)
rCold   . . .      Faith    .   (no shield)
rNeg    . . .      Spirit   .   h - +0 leather armour
rPois   .          Reflect  .   (no helmet)
rElec   .          Harm     .   (no cloak)
rCorr   .          Rampage  .   (no gloves)
Will    .....                   k - +0 pair of boots
Stlth   +++.......              (no amulet)
HPRegen 0.12/turn               (no ring)
MPRegen 0.16/turn               (no ring)

@: lethally poisoned (0 -> -2)
A: no striking features
a: no special abilities


You were on level 6 of the Dungeon.
You visited 1 branch of the dungeon, and saw 6 of its levels.

You collected 224 gold pieces.

Inventory:

Hand Weapons
 w - a +0 dagger
 x - a +2 hand axe of freezing (weapon)
Missiles
 u - a throwing net
Armour
 a - a +0 robe
 h - a +0 leather armour (worn)
 k - a +0 pair of boots (worn)
 r - a +2 tower shield
Wands
 p - a wand of polymorph (9)
Scrolls
 c - a scroll of teleportation
 d - 2 scrolls of blinking
 e - a scroll of identify
 i - 2 scrolls of amnesia
 l - 2 scrolls of poison {unknown}
 n - a scroll of torment {unknown}
 s - a scroll of fog {unknown}
 t - a scroll of magic mapping {unknown}
 v - a scroll of silence {unknown}
 y - a scroll of enchant armour {unknown}
Potions
 b - a potion of magic
 f - 2 potions of flight {unknown}
 g - a potion of resistance {unknown}
 m - a potion of heal wounds {unknown}
 o - a potion of ambrosia {unknown}
 q - a potion of degeneration {unknown}
 z - 2 potions of attraction {unknown}


   Skills:
 + Level 5.4 Dodging
 + Level 5.7 Stealth
 + Level 6.0 Spellcasting
 + Level 6.8 Necromancy


You had 14 spell levels left.
You knew the following spells:

 Your Spells              Type           Power      Damage    Failure   Level
a - Necrotise             Necr           100%       1d9       1%          1
b - Vampiric Draining     Necr           36%        2d8       2%          3

Your spell library contained the following spells:

 Spells                   Type           Power      Damage    Failure   Level
 Sublimation of Blood     Necr           36%        N/A       1%          2
 Animate Dead             Necr           36%        N/A       9%          4
 Scorch                   Fire           12%        2d5       22%         2
 Static Discharge         Conj/Air       6%         3-4/arc   22%         2
 Wereblood                Tmut           6%         N/A       22%         2
 Agony                    Necr           36%        N/A       26%         5
 Gell's Gravitas          Tloc           6%         N/A       41%         3
 Teleport Other           Tloc           6%         N/A       41%         3
 Flame Wave               Conj/Fire      6%         2d5       83%         4
 Lightning Bolt           Conj/Air       3%         1d14      99%         5
 Dispersal                Tloc           3%         N/A       100%        6
 Summon Cactus Giant      Summ           3%         N/A       100%        6
 Summon Hydra             Summ           3%         N/A       100%        7
 Maxwell's Capacitive Co  Air            3%         ∞         100%        8


Dungeon Overview and Level Annotations

Branches:
Dungeon (6/15)
 Temple: D:4-7

Altars:

Shops:
D:2 [

Annotations:
D:3 3 runed translucent doors, DildoBatman's ghost, amateur FoCj; Voland's ghost, amateur MfTm


Message History

The water moccasin bites you.
Casting: Vampiric Draining (dangerous; 3% risk of failure)
Confirm with . or Enter, or press ? or * to list all spells.
Aiming: Vampiric Draining (dangerous; 3% risk of failure)
Press: ? - help, Shift-Dir - straight line, f/p - water moccasin
Aim: a water moccasin (heavily wounded)
You draw life force from the water moccasin!
You feel life coursing into your body.
You feel very sick. The water moccasin misses you.
Unknown command.
You feel sick. The water moccasin bites you. x2
* * * LOW HITPOINT WARNING * * *
* * * LOW HITPOINT WARNING * * *
You feel sick.
Casting: Vampiric Draining (dangerous; 3% risk of failure)
Confirm with . or Enter, or press ? or * to list all spells.
Aiming: Vampiric Draining (dangerous; 3% risk of failure)
Press: ? - help, Shift-Dir - straight line, f/p - water moccasin
Aim: a water moccasin (almost dead)
You draw life force from the water moccasin!
You kill the water moccasin!
You feel life coursing into your body.
* * * LOW HITPOINT WARNING * * *
You feel sick.
Your Spellcasting skill increases to level 6!
Blink to where?
Press: ? - help, Dir - move target
As you read the scroll of blinking, it crumbles to dust.
* * * LOW HITPOINT WARNING * * *
You feel sick.
* * * LOW HITPOINT WARNING * * *
You feel sick.
There is a stone staircase leading down here.
You can't go up here!
Unknown command.
* * * LOW HITPOINT WARNING * * *
You feel sick.
You climb downwards.
You die...

#. .
#.#####
..##.....##
..........#
........+
#......#
#......#
#...@.5#
########


You could see a white imp (asleep).

Vanquished Creatures
  3 water moccasins
  A scorpion (D:4)
  2 orc wizards (D:4)
  4 gnolls (D:2)
  4 adders
  A white imp (D:5)
  An ufetubus (D:4)
  2 worms (D:2)
  A dart slug (D:4)
  11 orcs
  7 bats
  4 endoplasms
  6 giant cockroaches
  3 goblins
  9 hobgoblins
  8 jackals
  5 quokkas
  3 ball pythons
  3 frilled lizards
  7 kobolds
  7 rats
92 creatures vanquished.

Vanquished Creatures (collateral kills)
  A scorpion (D:4)
  An endoplasm (D:2)
  2 hobgoblins (D:1)
  A kobold (D:1)
5 creatures vanquished.

Vanquished Creatures (others)
  5 withered plants (D:3)
5 creatures vanquished.

Grand Total: 102 creatures vanquished

Notes
Turn   | Place    | Note
-------+----------+-------------------------------------------
     0 | D:1      | ChadusMaximus the Deep Elf Necromancer began the quest for
                  | the Orb.
     0 | D:1      | Reached XP level 1. HP: 10/10 MP: 6/6
   108 | D:1      | Reached skill level 5 in Necromancy
   151 | D:1      | Reached XP level 2. HP: 15/15 MP: 4/8
   478 | D:1      | Reached XP level 3. HP: 19/19 MP: 3/10
  1193 | D:2      | Found Coikihun's Armour Emporium.
  1383 | D:2      | Identified the +3 leather armour "Oveys" {rF++ Str+4 Dex-5}
  1584 | D:2      | Reached XP level 4. HP: 22/24 MP: 8/11
  1923 | D:2      | Found a faded altar of an unknown god.
  2293 | D:3      | Learned a level 3 spell: Vampiric Draining
  2965 | D:3      | Found a runed translucent gate.
  2965 | D:3      | Found a runed translucent gate.
  2966 | D:3      | Found a runed translucent gate.
  2967 | D:3      | Noticed DildoBatman's ghost (amateur FoCj)
  2967 | D:3      | Noticed Voland's ghost (amateur MfTm)
  3193 | D:4      | Noticed a scorpion
  3205 | D:4      | Killed a scorpion
  3206 | D:4      | Reached XP level 5. HP: 28/28 MP: 8/13
  3301 | D:4      | Noticed a phantom
  3821 | D:4      | Reached XP level 6. HP: 26/32 MP: 1/15
  4084 | D:4      | Reached skill level 5 in Spellcasting
  5227 | D:5      | Entered Level 5 of the Dungeon
  5290 | D:5      | Noticed a water moccasin
  5304 | D:4      | Killed a water moccasin
  5305 | D:4      | Reached skill level 5 in Stealth
  5678 | D:5      | Noticed a water moccasin
  5686 | D:5      | Killed a water moccasin
  5687 | D:5      | Reached skill level 5 in Dodging
  5687 | D:5      | Reached XP level 7. HP: 16/36 MP: 5/17
  5938 | D:5      | HP: 1/36 [poisoned by a water moccasin]
  5939 | D:6      | Succumbed to a water moccasin's poison

Illustrated notes

Levels and vault maps discovered:
D:1:      eino_arrival_cavern_b, layout_rooms, minmay_tetromino_o4
D:2:      layout_loops_ring, serial_shops,
          nicolae_shop_temple_entry_statues_fountains,
          ebering_ecumenical_altar_sacrificial, dreamdust_princess_bridge,
          minivault_26
D:3:      layout_loops_ring, gammafunk_ghost_cemetery,
          minmay_misc_feat_secret_circle, kennysheep_cluttered_room,
          chequers_jeans, amethyst_killhole
D:4:      layout_layer_cave, amcnicky_mini_corridor_feature,
          minmay_misc_feat_roman, kennysheep_another_room,
          chequers_serial_rivers_large_a
D:5:      layout_loops_cross, mainiacjoe_overflow_alcove_4,
          grunt_decor_resistance
D:6:      minmay_evil_eye, layout_basic, uniq_pikel, uniq_maggie

Skill      XL: |  1  2  3  4  5  6  7 |
---------------+----------------------+-----
Necromancy     | 5 6 |  6.8
Stealth        | 3 4 5 |  5.7
Dodging        | 3 4 5 |  5.4
Spellcasting   | 4 5 6 |  6.0

Action                   |  1- 3 |  4- 6 |  7- 9 || total
-------------------------+-------+-------+-------++-------
Melee: Unarmed           |     3 |       |       ||     3
       Dagger            |       |    19 |       ||    19
       Hand axe          |       |    10 |       ||    10
 Cast: Necrotise         |    71 |   117 |     3 ||   191
       Vampiric Draining |       |     4 |     3 ||     7
  Use: Scroll            |       |     4 |     1 ||     5
       Potion            |       |     1 |     1 ||     2
Armor: Leather armour    |     1 |    16 |     2 ||    19
Dodge: Dodged            |    27 |    57 |     1 ||    85
